TOP OF THE 1ST |
Los Angeles (NYP) Dodgers batting - Pitching for Auburn Doubledays : RHP Preston Larson
|
Pitching: RHP Preston Larson
|
|
Batting: SHB Guy Jerome
|
0-0: Ground out 6-3 (Groundball, 6, EV 94.4 MPH)
|
Batting: RHB Perry Dominey
|
0-0: Foul Ball, location: 2F 0-1: Ball 1-1: Ball 2-1: Foul Ball, location: 2F 2-2: Ground out 1-3 (Groundball, 13S, EV 65.6 MPH)
|
Batting: LHB Conor Bailey
|
0-0: Called Strike 0-1: Ball 1-1: Ball 2-1: Swinging Strike 2-2: Ball 3-2: Foul Ball, location: 2F 3-2: Fly out, F9 (Flyball, 9LSF, EV 95.6 MPH)
|
Top of the 1st over - 0 runs, 0 hits, 0 errors, 0 left on base; Los Angeles (NYP) 0 - Auburn 0 |
BOTTOM OF THE 1ST |
Auburn Doubledays batting - Pitching for Los Angeles (NYP) Dodgers : LHP Cao-Ky Trieu
|
Pitching: LHP Cao-Ky Trieu
|
|
Batting: LHB Carlos Guadarrama
|
0-0: Called Strike 0-1: Swinging Strike 0-2: Ground out 6-3 (Groundball, 6, EV 88.8 MPH)
|
Batting: RHB Alex Martinez
|
0-0: Fly out, F7 (Flyball, 78M, EV 83.8 MPH)
|
Batting: RHB Luis Vargas
|
0-0: Ground out 6-3 (Groundball, 6, EV 78.8 MPH)
|
Bottom of the 1st over - 0 runs, 0 hits, 0 errors, 0 left on base; Los Angeles (NYP) 0 - Auburn 0 |
TOP OF THE 2ND |
Los Angeles (NYP) Dodgers batting - Pitching for Auburn Doubledays : RHP Preston Larson
|
Batting: RHB Zach Slot
|
0-0: Swinging Strike 0-1: Ground out 5-3 (Groundball, 56, EV 84.4 MPH)
|
Batting: SHB Marcos Cortez
|
0-0: Foul Ball, location: 2F 0-1: Called Strike 0-2: Foul Ball, location: 2F 0-2: Strikes out swinging
|
Batting: RHB Cory Bonham
|
0-0: Called Strike 0-1: Ball 1-1: Foul Ball, location: 2F 1-2: SINGLE (Flyball, 4MD, EV 90.0 MPH)
|
Batting: SHB Dave Reynoso
|
0-0: Foul Ball, location: 2F 0-1: Swinging Strike 0-2: Foul Ball, location: 2F 0-2: Foul Ball, location: 2F 0-2: Strikes out swinging
|
Top of the 2nd over - 0 runs, 1 hit, 0 errors, 1 left on base; Los Angeles (NYP) 0 - Auburn 0 |
BOTTOM OF THE 2ND |
Auburn Doubledays batting - Pitching for Los Angeles (NYP) Dodgers : LHP Cao-Ky Trieu
|
Batting: RHB Kenny Ball
|
0-0: Called Strike 0-1: Ball 1-1: Ball 2-1: Ball 3-1: Foul Ball, location: 2F 3-2: Foul Ball, location: 2F 3-2: Foul Ball, location: 2F 3-2: Base on Balls
|
Batting: RHB Qian Tai
|
0-0: Swinging Strike 0-1: Ball 1-1: Swinging Strike 1-2: Fielders Choice at 2nd, 6-4 (Groundball, 6, EV 82.5 MPH)
|
Batting: RHB Charlie Iacovone
|
0-0: Fielders Choice at 2nd, 4-6 (Groundball, 4, EV 84.4 MPH)
|
Batting: RHB Jessie Fisher
|
0-0: Ball 1-0: Ball 2-0: Ground out 2-3 (Groundball, 2L, EV 68.8 MPH)
|
Bottom of the 2nd over - 0 runs, 0 hits, 0 errors, 1 left on base; Los Angeles (NYP) 0 - Auburn 0 |
TOP OF THE 3RD |
Los Angeles (NYP) Dodgers batting - Pitching for Auburn Doubledays : RHP Preston Larson
|
Batting: RHB Justin Van Houten
|
0-0: Ball 1-0: Swinging Strike 1-1: Foul Ball, location: 2F 1-2: Ball 2-2: Foul Ball, location: 2F 2-2: Fly out, F8 (Flyball, 8RXD, EV 73.1 MPH)
|
Batting: RHB Scott Merritt
|
0-0: Foul Ball, location: 2F 0-1: Ball 1-1: Ball 2-1: Foul Ball, location: 2F 2-2: Ball 3-2: Ground out 5-3 (Groundball, 56S, EV 69.4 MPH)
|
Batting: SHB Guy Jerome
|
0-0: Called Strike 0-1: Ball 1-1: Called Strike 1-2: Ball 2-2: Ground out 5-3 (Groundball, 5, EV 109.4 MPH)
|
Top of the 3rd over - 0 runs, 0 hits, 0 errors, 0 left on base; Los Angeles (NYP) 0 - Auburn 0 |
BOTTOM OF THE 3RD |
Auburn Doubledays batting - Pitching for Los Angeles (NYP) Dodgers : LHP Cao-Ky Trieu
|
Batting: LHB Tony Olvera
|
0-0: Ball 1-0: Called Strike 1-1: Swinging Strike 1-2: Fly out, F8 (Line Drive, 8RM, EV 92.5 MPH)
|
Batting: RHB Franklin Ortega
|
0-0: Ball 1-0: Ground out 4-3 (Groundball, 4, EV 108.1 MPH)
|
Batting: LHB Carlos Guadarrama
|
0-0: Ball 1-0: Ground out 2-3 (Groundball, 15S, EV 64.4 MPH)
|
Bottom of the 3rd over - 0 runs, 0 hits, 0 errors, 0 left on base; Los Angeles (NYP) 0 - Auburn 0 |
TOP OF THE 4TH |
Los Angeles (NYP) Dodgers batting - Pitching for Auburn Doubledays : RHP Preston Larson
|
Batting: RHB Perry Dominey
|
0-0: Ball 1-0: Ball 2-0: Called Strike 2-1: Swinging Strike 2-2: Foul Ball, location: 2F 2-2: Strikes out swinging
|
Batting: LHB Conor Bailey
|
0-0: Ground out U3 (Groundball, 3, EV 108.1 MPH)
|
Batting: RHB Zach Slot
|
0-0: Called Strike 0-1: Foul Ball, location: 2F 0-2: SOLO HOME RUN (Flyball, 9LD, EV 96.2 MPH), Distance : 357 ft
|
Batting: SHB Marcos Cortez
|
0-0: Ball 1-0: Ball 2-0: Ground out 4-3 (Groundball, 4M, EV 80.0 MPH)
|
Top of the 4th over - 1 run, 1 hit, 0 errors, 0 left on base; Los Angeles (NYP) 1 - Auburn 0 |
BOTTOM OF THE 4TH |
Auburn Doubledays batting - Pitching for Los Angeles (NYP) Dodgers : LHP Cao-Ky Trieu
|
Batting: RHB Alex Martinez
|
0-0: Ball 1-0: SINGLE (Line Drive, 34D, EV 96.9 MPH)
|
Batting: RHB Luis Vargas
|
0-0: Ball 1-0: Called Strike 1-1: Ball 2-1: Called Strike 2-2: Strikes out swinging
|
Batting: RHB Kenny Ball
|
0-0: DOUBLE (Line Drive, 9LM, EV 100.0 MPH) Alex Martinez to third Runner from 3rd tries for Home, SAFE, throw by RF to home
|
Batting: RHB Qian Tai
|
0-0: Ball 1-0: Swinging Strike 1-1: Foul Ball, location: 2F 1-2: Foul Ball, location: 2F 1-2: SINGLE (Groundball, 56S, EV 65.0 MPH) (infield hit) Kenny Ball to third
|
Batting: RHB Charlie Iacovone
|
0-0: Ball 1-0: Called Strike 1-1: Called Strike 1-2: Strikes out swinging
|
Batting: RHB Jessie Fisher
|
0-0: Ball 1-0: TRIPLE (Line Drive, 9LD, EV 106.9 MPH) Kenny Ball scores Qian Tai scores
|
Batting: LHB Tony Olvera
|
0-0: Foul Ball, location: 2F 0-1: Called Strike 0-2: Ball 1-2: Strikes out looking
|
Bottom of the 4th over - 3 runs, 4 hits, 0 errors, 1 left on base; Los Angeles (NYP) 1 - Auburn 3 |
TOP OF THE 5TH |
Los Angeles (NYP) Dodgers batting - Pitching for Auburn Doubledays : RHP Preston Larson
|
Batting: RHB Cory Bonham
|
0-0: Ball 1-0: Called Strike 1-1: Fly out, F9 (Flyball, 89S, EV 83.8 MPH)
|
Batting: SHB Dave Reynoso
|
0-0: Ball 1-0: Ball 2-0: Foul Ball, location: 2F 2-1: Called Strike 2-2: Strikes out swinging
|
Batting: RHB Justin Van Houten
|
0-0: Called Strike 0-1: Swinging Strike 0-2: Ball 1-2: Strikes out swinging
|
Top of the 5th over - 0 runs, 0 hits, 0 errors, 0 left on base; Los Angeles (NYP) 1 - Auburn 3 |
BOTTOM OF THE 5TH |
Auburn Doubledays batting - Pitching for Los Angeles (NYP) Dodgers : LHP Cao-Ky Trieu
|
Batting: RHB Franklin Ortega
|
0-0: Ball 1-0: Foul Ball, location: 2F 1-1: Ball 2-1: Fly out, F7 (Flyball, 7D, EV 103.1 MPH)
|
Batting: LHB Carlos Guadarrama
|
0-0: Called Strike 0-1: Foul Ball, location: 2F 0-2: Strikes out swinging
|
Batting: RHB Alex Martinez
|
0-0: Called Strike 0-1: Ground out 4-3 (Groundball, 34, EV 83.8 MPH)
|
Bottom of the 5th over - 0 runs, 0 hits, 0 errors, 0 left on base; Los Angeles (NYP) 1 - Auburn 3 |
TOP OF THE 6TH |
Los Angeles (NYP) Dodgers batting - Pitching for Auburn Doubledays : RHP Preston Larson
|
Batting: RHB Scott Merritt
|
0-0: Ball 1-0: Ball 2-0: Foul Ball, location: 2F 2-1: Ground out 5-3 (Groundball, 5, EV 90.6 MPH)
|
Batting: SHB Guy Jerome
|
0-0: Swinging Strike 0-1: Ball 1-1: Ball 2-1: Foul Ball, location: 2F 2-2: Foul Ball, location: 2F 2-2: Ball 3-2: DOUBLE (Flyball, 89D, EV 111.9 MPH)
|
Batting: RHB Perry Dominey
|
0-0: Ball 1-0: Swinging Strike 1-1: Swinging Strike 1-2: Ball 2-2: Strikes out swinging
|
Batting: LHB Conor Bailey
|
0-0: Ball 1-0: Called Strike 1-1: Swinging Strike 1-2: Strikes out swinging
|
Top of the 6th over - 0 runs, 1 hit, 0 errors, 1 left on base; Los Angeles (NYP) 1 - Auburn 3 |
BOTTOM OF THE 6TH |
Auburn Doubledays batting - Pitching for Los Angeles (NYP) Dodgers : LHP Cao-Ky Trieu
|
Batting: RHB Luis Vargas
|
0-0: Ball 1-0: Ball 2-0: Called Strike 2-1: Called Strike 2-2: Strikes out swinging
|
Batting: RHB Kenny Ball
|
0-0: Ball 1-0: Foul Ball, location: 2F 1-1: Foul Ball, location: 2F 1-2: Fly out, F4 (Line Drive, 4, EV 62.5 MPH)
|
Batting: RHB Qian Tai
|
0-0: Ball 1-0: Ball 2-0: Called Strike 2-1: Ball 3-1: Base on Balls
|
Batting: RHB Charlie Iacovone
|
0-0: Fielders Choice at 2nd, 5-4 (Groundball, 56, EV 87.5 MPH)
|
Bottom of the 6th over - 0 runs, 0 hits, 0 errors, 1 left on base; Los Angeles (NYP) 1 - Auburn 3 |
TOP OF THE 7TH |
Los Angeles (NYP) Dodgers batting - Pitching for Auburn Doubledays : RHP Preston Larson
|
Batting: RHB Zach Slot
|
0-0: Called Strike 0-1: Ball 1-1: Called Strike 1-2: Foul Ball, location: 2F 1-2: Ball 2-2: Hit by Pitch
|
Batting: SHB Marcos Cortez
|
0-0: SINGLE (Groundball, 6MD, EV 102.5 MPH) Zach Slot to second Runner from 2nd tries for 3rd, SAFE, throw by CF made to third
|
Pinch Hitting: LHB Randy Stapleton
|
0-0: Ball 1-0: Called Strike Marcos Cortez is caught stealing 2nd base 2-6 1-1: Ball 2-1: Foul Ball, location: 2F 2-2: Strikes out swinging
|
Batting: SHB Dave Reynoso
|
0-0: Ball 1-0: Called Strike 1-1: Swinging Strike 1-2: Strikes out swinging
|
Top of the 7th over - 0 runs, 1 hit, 0 errors, 1 left on base; Los Angeles (NYP) 1 - Auburn 3 |
BOTTOM OF THE 7TH |
Auburn Doubledays batting - Pitching for Los Angeles (NYP) Dodgers : LHP Cao-Ky Trieu
|
Now at SS: Chris Graham
|
|
Batting: RHB Jessie Fisher
|
0-0: Foul Ball, location: 2F 0-1: Ground out 3-1 (Groundball, 34, EV 81.9 MPH)
|
Batting: LHB Tony Olvera
|
0-0: Ball 1-0: Ball 2-0: Fly out, F8 (Flyball, 8RD, EV 103.8 MPH)
|
Batting: RHB Franklin Ortega
|
0-0: Ball 1-0: Ground out 4-3 (Groundball, 4, EV 85.6 MPH)
|
Bottom of the 7th over - 0 runs, 0 hits, 0 errors, 0 left on base; Los Angeles (NYP) 1 - Auburn 3 |
TOP OF THE 8TH |
Los Angeles (NYP) Dodgers batting - Pitching for Auburn Doubledays : RHP Preston Larson
|
Batting: RHB Justin Van Houten
|
0-0: Called Strike 0-1: Ball 1-1: SOLO HOME RUN (Flyball, 89XD, EV 108.1 MPH), Distance : 431 ft
|
Pitching: LHP Mike Rosas
|
|
Batting: RHB Scott Merritt
|
0-0: Called Strike 0-1: Ball 1-1: Called Strike 1-2: Strikes out swinging
|
Batting: SHB Guy Jerome
|
0-0: Ball 1-0: Ball 2-0: Foul Ball, location: 2F 2-1: Foul Ball, location: 2F 2-2: Ball 3-2: Ground out 1-3 (Groundball, 34S, EV 70.0 MPH)
|
Batting: RHB Perry Dominey
|
0-0: Called Strike 0-1: Ball 1-1: Ball 2-1: Called Strike 2-2: Foul Ball, location: 2F 2-2: Strikes out swinging, 2-3 out at first.
|
Top of the 8th over - 1 run, 1 hit, 0 errors, 0 left on base; Los Angeles (NYP) 2 - Auburn 3 |
BOTTOM OF THE 8TH |
Auburn Doubledays batting - Pitching for Los Angeles (NYP) Dodgers : LHP Cao-Ky Trieu
|
Batting: LHB Carlos Guadarrama
|
0-0: Ball 1-0: Ground out 5-3 (Groundball, 5, EV 83.8 MPH)
|
Pitching: RHP Alfredo Sanchez
|
|
Batting: RHB Alex Martinez
|
0-0: Called Strike 0-1: Ball 1-1: Foul Ball, location: 2F 1-2: Strikes out looking
|
Batting: RHB Luis Vargas
|
0-0: Fly out, F9 (Flyball, 9S, EV 83.8 MPH)
|
Bottom of the 8th over - 0 runs, 0 hits, 0 errors, 0 left on base; Los Angeles (NYP) 2 - Auburn 3 |
TOP OF THE 9TH |
Los Angeles (NYP) Dodgers batting - Pitching for Auburn Doubledays : LHP Mike Rosas
|
Pitching: RHP Johnny Hallamore
|
|
Now at 1B: Jessie Fisher
|
|
Now in LF: Jon Ortiz
|
|
Batting: LHB Conor Bailey
|
0-0: Called Strike 0-1: Ball 1-1: Ball 2-1: Ball 3-1: Foul Ball, location: 2F 3-2: Base on Balls
|
Batting: RHB Zach Slot
|
0-0: DOUBLE (Flyball, 89XD, EV 106.9 MPH) Conor Bailey to third
|
Batting: SHB Marcos Cortez
|
0-0: Intentional Walk
|
Pinch Hitting: RHB Jose Corral
|
0-0: Ball 1-0: Ball 2-0: Ball 3-0: Called Strike 3-1: Swinging Strike 3-2: Strikes out swinging
|
Batting: SHB Dave Reynoso
|
0-0: Ball 1-0: Ball 2-0: Fly out, F3 (Line Drive, 3L, EV 73.8 MPH) Lined into DP, U3 (Line Drive, 3L, EV 66.9 MPH)
|
Top of the 9th over - 0 runs, 1 hit, 0 errors, 2 left on base; Los Angeles (NYP) 2 - Auburn 3 |
|